TOP OF THE 1ST |
San Francisco (APP) Giants batting - Pitching for Billings Mustangs : RHP Gil Villanueva
|
Pitching: RHP Gil Villanueva
|
|
Batting: RHB Jeremy Bailey
|
0-0: Reached on error, E5 (Groundball, 56S, EV 61.9 MPH)
|
Batting: RHB Pedro Quezada
|
0-0: Ball 1-0: Called Strike Jeremy Bailey steals 2nd base 1-1: Ground out 5-3 (Groundball, 56, EV 99.4 MPH)
|
Batting: RHB Bill Defazio
|
0-0: Fly out, F9 (Flyball, 9, EV 86.3 MPH)
|
Batting: RHB Frank Pena
|
0-0: Ball 1-0: Called Strike 1-1: Ball 2-1: Ball 3-1: Foul Ball, location: 2F 3-2: Foul Ball, location: 2F 3-2: Foul Ball, location: 2F 3-2: Foul Ball, location: 2F 3-2: Base on Balls
|
Batting: RHB John Tyra
|
0-0: Ball 1-0: Ground out 4-3 (Groundball, 4, EV 85.6 MPH)
|
Top of the 1st over - 0 runs, 0 hits, 1 error, 2 left on base; San Francisco (APP) 0 - Billings 0 |
BOTTOM OF THE 1ST |
Billings Mustangs batting - Pitching for San Francisco (APP) Giants : RHP Rick Madden
|
Pitching: RHP Rick Madden
|
|
Batting: RHB Cyd Carver
|
0-0: Foul Ball, location: 2F 0-1: Called Strike 0-2: Ball 1-2: Foul Ball, location: 2F 1-2: Strikes out swinging
|
Batting: LHB David Moore
|
0-0: SOLO HOME RUN (Line Drive, 9D, EV 107.5 MPH), Distance : 398 ft
|
Batting: RHB Hector Maldonado
|
0-0: SINGLE (Line Drive, 4D, EV 107.5 MPH)
|
Batting: RHB Jon Monteith
|
0-0: Called Strike 0-1: Ball 1-1: Foul Ball, location: 2F 1-2: Ball 2-2: Ball 3-2: Grounds into double play, 5-4-3 (Groundball, 56, EV 108.8 MPH)
|
Bottom of the 1st over - 1 run, 2 hits, 0 errors, 0 left on base; San Francisco (APP) 0 - Billings 1 |
TOP OF THE 2ND |
San Francisco (APP) Giants batting - Pitching for Billings Mustangs : RHP Gil Villanueva
|
Batting: RHB Ed Broomhead
|
0-0: Ball 1-0: Ball 2-0: Ball 3-0: Called Strike 3-1: Foul Ball, location: 2F 3-2: Strikes out swinging
|
Batting: RHB David Andrews
|
0-0: Foul Ball, location: 2F 0-1: Swinging Strike 0-2: Ball 1-2: Ball 2-2: Foul Ball, location: 2F 2-2: Strikes out looking
|
Batting: RHB Alexis Andrade
|
0-0: Ball 1-0: Ball 2-0: Called Strike 2-1: Ball 3-1: Foul Ball, location: 2F 3-2: Foul Ball, location: 2F 3-2: Base on Balls
|
Batting: RHB Bob Schweiger
|
0-0: Called Strike 0-1: Swinging Strike 0-2: Strikes out swinging
|
Top of the 2nd over - 0 runs, 0 hits, 0 errors, 1 left on base; San Francisco (APP) 0 - Billings 1 |
BOTTOM OF THE 2ND |
Billings Mustangs batting - Pitching for San Francisco (APP) Giants : RHP Rick Madden
|
Batting: LHB Jon Goddard
|
0-0: Foul Ball, location: 2F 0-1: Ball 1-1: SINGLE (Groundball, 4D, EV 100.6 MPH)
|
Batting: RHB Jonathan Robies
|
0-0: Foul Ball, location: 2F 0-1: Foul Ball, location: 2F 0-2: Foul Ball, location: 2F 0-2: Ball 1-2: Foul Ball, location: 2F 1-2: Strikes out looking
|
Batting: RHB Jay Jacobson
|
0-0: Ball 1-0: Foul Ball, location: 2F 1-1: Called Strike 1-2: Foul Ball, location: 2F 1-2: Foul Ball, location: 2F 1-2: Ball 2-2: Grounds into double play, 6-4-3 (Groundball, 6, EV 108.1 MPH)
|
Bottom of the 2nd over - 0 runs, 1 hit, 0 errors, 0 left on base; San Francisco (APP) 0 - Billings 1 |
TOP OF THE 3RD |
San Francisco (APP) Giants batting - Pitching for Billings Mustangs : RHP Gil Villanueva
|
Batting: RHB Jeremy Bailey
|
0-0: Foul Ball, location: 2F 0-1: Foul Ball, location: 2F 0-2: Ball 1-2: Foul Ball, location: 2F 1-2: Ball 2-2: Ball 3-2: Foul Ball, location: 2F 3-2: Base on Balls
|
Batting: RHB Pedro Quezada
|
0-0: Foul Ball, location: 2F 0-1: Called Strike 0-2: Ball 1-2: Ball 2-2: Strikes out swinging
|
Batting: RHB Bill Defazio
|
0-0: SINGLE (Line Drive, 89S, EV 105.6 MPH) Jeremy Bailey to second
|
Batting: RHB Frank Pena
|
0-0: Foul Ball, location: 2F 0-1: Foul Ball, location: 2F 0-2: Ball 1-2: Ball 2-2: Strikes out looking
|
Batting: RHB John Tyra
|
0-0: Called Strike 0-1: Ball 1-1: Called Strike 1-2: Strikes out swinging
|
Top of the 3rd over - 0 runs, 1 hit, 0 errors, 2 left on base; San Francisco (APP) 0 - Billings 1 |
BOTTOM OF THE 3RD |
Billings Mustangs batting - Pitching for San Francisco (APP) Giants : RHP Rick Madden
|
Batting: RHB Yutaka Sato
|
0-0: Ball 1-0: Called Strike 1-1: Ball 2-1: Called Strike 2-2: Strikes out looking
|
Batting: LHB William Matthews
|
0-0: Ball 1-0: Called Strike 1-1: Ball 2-1: SINGLE (Groundball, 6S, EV 67.5 MPH) (infield hit)
|
Batting: RHB Cyd Carver
|
0-0: Fly out, F9 (Flyball, 89D, EV 85.6 MPH)
|
Batting: LHB David Moore
|
0-0: Called Strike 0-1: Ball 1-1: Ball 2-1: Foul Ball, location: 2F 2-2: Strikes out swinging
|
Bottom of the 3rd over - 0 runs, 1 hit, 0 errors, 1 left on base; San Francisco (APP) 0 - Billings 1 |
TOP OF THE 4TH |
San Francisco (APP) Giants batting - Pitching for Billings Mustangs : RHP Gil Villanueva
|
Batting: RHB Ed Broomhead
|
0-0: Ball 1-0: Swinging Strike 1-1: Swinging Strike 1-2: Strikes out swinging
|
Batting: RHB David Andrews
|
0-0: Ground out 6-3 (Groundball, 6, EV 82.5 MPH)
|
Batting: RHB Alexis Andrade
|
0-0: Ground out 5-3 (Groundball, 5S, EV 90.0 MPH)
|
Top of the 4th over - 0 runs, 0 hits, 0 errors, 0 left on base; San Francisco (APP) 0 - Billings 1 |
BOTTOM OF THE 4TH |
Billings Mustangs batting - Pitching for San Francisco (APP) Giants : RHP Rick Madden
|
Batting: RHB Hector Maldonado
|
0-0: Ball 1-0: Ball 2-0: Ball 3-0: Called Strike 3-1: Called Strike 3-2: SINGLE (Groundball, 6M, EV 83.1 MPH) (infield hit)
|
Batting: RHB Jon Monteith
|
0-0: Called Strike 0-1: Ball 1-1: Swinging Strike 1-2: Reached on error, E2 (Groundball, 2L, EV 68.1 MPH) Hector Maldonado to third
|
Batting: LHB Jon Goddard
|
0-0: Ball 1-0: Ball 2-0: Ground out U3 (Groundball, 3, EV 83.8 MPH)
|
Batting: RHB Jonathan Robies
|
0-0: Reached on error, E3 (Groundball, 13, EV 81.9 MPH) Hector Maldonado scores Jon Monteith to third
|
Batting: RHB Jay Jacobson
|
0-0: Ball 1-0: Fielders Choice at 2nd, 5-4 (Groundball, 5L, EV 79.4 MPH) Jon Monteith scores
|
Batting: RHB Yutaka Sato
|
0-0: Called Strike 0-1: Swinging Strike 0-2: Ball 1-2: Ball 2-2: Strikes out swinging, 2-3 out at first.
|
Bottom of the 4th over - 2 runs, 1 hit, 2 errors, 1 left on base; San Francisco (APP) 0 - Billings 3 |
TOP OF THE 5TH |
San Francisco (APP) Giants batting - Pitching for Billings Mustangs : RHP Gil Villanueva
|
Batting: RHB Bob Schweiger
|
0-0: Ball 1-0: Ball 2-0: Foul Ball, location: 2F 2-1: Reached on error, E7 (Line Drive, 7, EV 107.5 MPH)
|
Batting: RHB Jeremy Bailey
|
0-0: Called Strike 0-1: Ball 1-1: Ball 2-1: Foul Ball, location: 2F 2-2: SINGLE (Groundball, 34, EV 95.0 MPH) Bob Schweiger to second Runner from 2nd tries for 3rd, OUT! 9-5
|
Batting: RHB Pedro Quezada
|
0-0: Ball 1-0: Called Strike 1-1: Swinging Strike Jeremy Bailey steals 2nd base 1-2: Strikes out swinging
|
Batting: RHB Bill Defazio
|
0-0: Ball 1-0: Called Strike 1-1: Fly out, F7 (Flyball, 78D, EV 75.6 MPH)
|
Top of the 5th over - 0 runs, 1 hit, 1 error, 1 left on base; San Francisco (APP) 0 - Billings 3 |
BOTTOM OF THE 5TH |
Billings Mustangs batting - Pitching for San Francisco (APP) Giants : RHP Rick Madden
|
Batting: LHB William Matthews
|
0-0: Called Strike 0-1: Ball 1-1: Called Strike 1-2: Ball 2-2: Foul Ball, location: 2F 2-2: Strikes out swinging
|
Batting: RHB Cyd Carver
|
0-0: SINGLE (Groundball, 56D, EV 95.0 MPH)
|
Batting: LHB David Moore
|
0-0: Ball Cyd Carver steals 2nd base 1-0: Ball 2-0: Ball 3-0: Base on Balls
|
Pitching: LHP Jack Klein
|
|
Batting: RHB Hector Maldonado
|
0-0: Ball Cyd Carver steals 3rd base 1-0: Called Strike 1-1: Hit by Pitch David Moore to second
|
Batting: RHB Jon Monteith
|
0-0: Called Strike 0-1: Ball 1-1: Fielders Choice at 2nd, 6-4 (Groundball, 56, EV 93.8 MPH) Cyd Carver scores David Moore to third
|
Batting: LHB Jon Goddard
|
0-0: Ball 1-0: Called Strike 1-1: Fly out, F9 (Flyball, 89D, EV 98.8 MPH)
|
Bottom of the 5th over - 1 run, 1 hit, 0 errors, 2 left on base; San Francisco (APP) 0 - Billings 4 |
TOP OF THE 6TH |
San Francisco (APP) Giants batting - Pitching for Billings Mustangs : RHP Gil Villanueva
|
Batting: RHB Frank Pena
|
0-0: Called Strike 0-1: Foul Ball, location: 2F 0-2: Ground out 5-3 (Groundball, 56S, EV 83.8 MPH)
|
Batting: RHB John Tyra
|
0-0: Ball 1-0: Ball 2-0: Swinging Strike 2-1: Foul Ball, location: 2F 2-2: Ball 3-2: Base on Balls
|
Batting: RHB Ed Broomhead
|
0-0: Ball Wild Pitch! John Tyra to second 1-0: Swinging Strike 1-1: SINGLE (Groundball, 34D, EV 105.6 MPH) John Tyra to third Runner from 3rd tries for Home, throw by RF and OUT! 9-2 Ed Broomhead to second
|
Batting: RHB David Andrews
|
0-0: Called Strike 0-1: Ball 1-1: SINGLE (Groundball, 56D, EV 95.0 MPH) Ed Broomhead to third Runner from 3rd tries for Home, SAFE, throw by LF to home David Andrews to second
|
Batting: RHB Alexis Andrade
|
0-0: Called Strike 0-1: Foul Ball, location: 2F 0-2: Ball 1-2: Foul Ball, location: 2F 1-2: Ball 2-2: Foul Ball, location: 2F 2-2: Ground out 5-3 (Groundball, 56, EV 99.4 MPH)
|
Top of the 6th over - 1 run, 2 hits, 0 errors, 1 left on base; San Francisco (APP) 1 - Billings 4 |
BOTTOM OF THE 6TH |
Billings Mustangs batting - Pitching for San Francisco (APP) Giants : LHP Jack Klein
|
Batting: RHB Jonathan Robies
|
0-0: Called Strike 0-1: Foul Ball, location: 2F 0-2: Strikes out swinging
|
Batting: RHB Jay Jacobson
|
0-0: Ground out 5-3 (Groundball, 5, EV 82.5 MPH)
|
Batting: RHB Yutaka Sato
|
0-0: Called Strike 0-1: Ball 1-1: Called Strike 1-2: Strikes out swinging
|
Bottom of the 6th over - 0 runs, 0 hits, 0 errors, 0 left on base; San Francisco (APP) 1 - Billings 4 |
TOP OF THE 7TH |
San Francisco (APP) Giants batting - Pitching for Billings Mustangs : RHP Gil Villanueva
|
Pitching: RHP George Sanchez
|
|
Batting: RHB Bob Schweiger
|
0-0: Ball 1-0: Ground out 5-3 (Groundball, 56, EV 85.0 MPH)
|
Batting: RHB Jeremy Bailey
|
0-0: Called Strike 0-1: Ground out 5-3 (Groundball, 56, EV 83.8 MPH)
|
Batting: RHB Pedro Quezada
|
0-0: Reached on error, E5 (Groundball, 56, EV 106.3 MPH)
|
Batting: RHB Bill Defazio
|
0-0: Ball 1-0: SINGLE (Groundball, 6MS, EV 74.4 MPH) (infield hit) Pedro Quezada to third
|
Batting: RHB Frank Pena
|
0-0: SINGLE (Line Drive, 8LS, EV 95.0 MPH) Pedro Quezada scores Bill Defazio to second
|
Batting: RHB John Tyra
|
0-0: Called Strike 0-1: Ball 1-1: Fielders Choice at 2nd, 5-4 (Groundball, 5D, EV 84.4 MPH)
|
Top of the 7th over - 1 run, 2 hits, 1 error, 2 left on base; San Francisco (APP) 2 - Billings 4 |
BOTTOM OF THE 7TH |
Billings Mustangs batting - Pitching for San Francisco (APP) Giants : LHP Jack Klein
|
Pitching: LHP Mark Gregor
|
|
Batting: LHB William Matthews
|
0-0: Ball 1-0: Ball 2-0: Foul Ball, location: 2F 2-1: Ball 3-1: Called Strike 3-2: Foul Ball, location: 2F 3-2: Base on Balls
|
Batting: RHB Cyd Carver
|
0-0: Ball 1-0: Ball 2-0: Bunted foul 2-1: Sac Bunt to 15S - play at first, batter OUT! 1-4 William Matthews to second
|
Batting: LHB David Moore
|
0-0: Foul Ball, location: 2F 0-1: Hit by Pitch
|
Batting: RHB Hector Maldonado
|
0-0: Ball 1-0: Ball 2-0: Ball 3-0: Base on Balls William Matthews to third David Moore to second
|
Batting: RHB Jon Monteith
|
0-0: Ball 1-0: Foul Ball, location: 2F 1-1: Ball 2-1: Ball 3-1: Fly out, F8 (Line Drive, 8RM, EV 93.8 MPH) Runner from 3rd tags up, SCORES, no throw by CF
|
Pitching: RHP Jay Kouns
|
|
Batting: LHB Jon Goddard
|
0-0: Ball 1-0: Ball 2-0: Foul Ball, location: 2F 2-1: Called Strike 2-2: Hit by Pitch David Moore to third Hector Maldonado to second
|
Batting: RHB Jonathan Robies
|
0-0: Foul Ball, location: 2F 0-1: Ball 1-1: Fly out, F9 (Line Drive, 9, EV 98.1 MPH)
|
Bottom of the 7th over - 1 run, 0 hits, 0 errors, 3 left on base; San Francisco (APP) 2 - Billings 5 |
TOP OF THE 8TH |
San Francisco (APP) Giants batting - Pitching for Billings Mustangs : RHP George Sanchez
|
Batting: RHB Ed Broomhead
|
0-0: Ball 1-0: Called Strike 1-1: Ball 2-1: SINGLE (Groundball, 56S, EV 68.8 MPH) (infield hit)
|
Batting: RHB David Andrews
|
0-0: Called Strike 0-1: Ball 1-1: Foul Ball, location: 2F 1-2: Ball 2-2: Ball 3-2: DOUBLE (Flyball, 78D, EV 112.5 MPH) Ed Broomhead to third
|
Pitching: LHP Paul Fuller
|
|
Batting: RHB Alexis Andrade
|
0-0: Foul Ball, location: 2F 0-1: Ball 1-1: DOUBLE (Line Drive, 5D, EV 94.4 MPH) Ed Broomhead scores David Andrews scores
|
Batting: RHB Bob Schweiger
|
0-0: Foul Ball, location: 2F 0-1: Foul Ball, location: 2F 0-2: DOUBLE (Line Drive, 7LS, EV 108.8 MPH) Alexis Andrade scores
|
Batting: RHB Jeremy Bailey
|
0-0: Ball 1-0: Foul Ball, location: 2F 1-1: Foul Ball, location: 2F 1-2: Ball 2-2: Foul Ball, location: 2F 2-2: Strikes out swinging
|
Batting: RHB Pedro Quezada
|
0-0: Called Strike 0-1: Ball 1-1: Foul Ball, location: 2F 1-2: DOUBLE (Groundball, 5L, EV 100.6 MPH) Bob Schweiger scores
|
Batting: RHB Bill Defazio
|
0-0: SINGLE (Groundball, 13S, EV 73.1 MPH) (infield hit) Pedro Quezada to third
|
Batting: RHB Frank Pena
|
0-0: Hit by Pitch Bill Defazio to second
|
Pitching: RHP Vladislav Prochazka
|
|
Batting: RHB John Tyra
|
0-0: Ball 1-0: Foul Ball, location: 2F 1-1: Ball 2-1: SINGLE (Groundball, 6D, EV 96.9 MPH) Pedro Quezada scores Bill Defazio to third Frank Pena to second Runner from 3rd tries for Home, throw by CF and OUT! 8-2
|
Batting: RHB Ed Broomhead
|
0-0: Ground out 1-3 (Groundball, 34S, EV 69.4 MPH)
|
Top of the 8th over - 5 runs, 7 hits, 0 errors, 2 left on base; San Francisco (APP) 7 - Billings 5 |
BOTTOM OF THE 8TH |
Billings Mustangs batting - Pitching for San Francisco (APP) Giants : RHP Jay Kouns
|
Batting: RHB Jay Jacobson
|
0-0: Called Strike 0-1: Swinging Strike 0-2: Strikes out looking
|
Batting: RHB Yutaka Sato
|
0-0: Called Strike 0-1: Ball 1-1: Swinging Strike 1-2: Strikes out swinging
|
Batting: LHB William Matthews
|
0-0: Called Strike 0-1: Ball 1-1: Ground out U3 (Groundball, 3, EV 85.6 MPH)
|
Bottom of the 8th over - 0 runs, 0 hits, 0 errors, 0 left on base; San Francisco (APP) 7 - Billings 5 |
TOP OF THE 9TH |
San Francisco (APP) Giants batting - Pitching for Billings Mustangs : RHP Vladislav Prochazka
|
Batting: RHB David Andrews
|
0-0: Ball 1-0: Ball 2-0: Ball 3-0: Called Strike 3-1: Foul Ball, location: 2F 3-2: Foul Ball, location: 2F 3-2: Strikes out swinging
|
Batting: RHB Alexis Andrade
|
0-0: Ball 1-0: Swinging Strike 1-1: Ground out 1-3 (Groundball, 15, EV 73.8 MPH)
|
Batting: RHB Bob Schweiger
|
0-0: Ball 1-0: Called Strike 1-1: DOUBLE (Flyball, 8RD, EV 93.8 MPH)
|
Pitching: RHP Tim Beck
|
|
Batting: RHB Jeremy Bailey
|
0-0: Ball 1-0: Ball 2-0: Called Strike 2-1: Foul Ball, location: 2F 2-2: Ball 3-2: Strikes out looking
|
Top of the 9th over - 0 runs, 1 hit, 0 errors, 1 left on base; San Francisco (APP) 7 - Billings 5 |
BOTTOM OF THE 9TH |
Billings Mustangs batting - Pitching for San Francisco (APP) Giants : RHP Jay Kouns
|
Pitching: RHP Nick McDade
|
|
Batting: RHB Cyd Carver
|
0-0: Called Strike 0-1: Ball 1-1: Called Strike 1-2: SINGLE (Line Drive, 8RM, EV 91.3 MPH)
|
Batting: LHB David Moore
|
0-0: Called Strike 0-1: Ball 1-1: Ball 2-1: Called Strike 2-2: Foul Ball, location: 2F 2-2: Foul Ball, location: 2F 2-2: Foul Ball, location: 2F 2-2: SINGLE (Groundball, 4MD, EV 96.9 MPH) Cyd Carver to second
|
Batting: RHB Hector Maldonado
|
0-0: Ball 1-0: Foul Ball, location: 2F 1-1: Foul Ball, location: 2F 1-2: Strikes out looking
|
Batting: RHB Jon Monteith
|
0-0: Called Strike 0-1: Swinging Strike 0-2: DOUBLE (Groundball, 5L, EV 103.1 MPH) Cyd Carver scores David Moore to third
|
Batting: LHB Jon Goddard
|
0-0: Intentional Walk
|
Pitching: LHP Gil Longoria
|
|
Batting: RHB Jonathan Robies
|
0-0: Swinging Strike 0-1: Ball 1-1: Ball 2-1: SINGLE (Groundball, 56D, EV 94.4 MPH) David Moore scores Jon Monteith to third Jon Goddard to second Runner from 3rd tries for Home, SAFE, throw by LF to home
|
Bottom of the 9th over - 3 runs, 4 hits, 0 errors, 0 left on base; San Francisco (APP) 7 - Billings 8 |
|
Game Over ... Billings defeats San Francisco (APP), 8 to 7
|
|
|